Map: 2000 Atmospheres LE

Players

A.I. 1 (Very Easy)

  • Race: Protoss Protoss

ZloyEbun - Winner!

  • Race: Protoss Protoss
  • League: Diamond

VOD

Have the link to the VOD?

Description

Time

  • Played on: Dec. 28, 2021, 6:21 p.m.
  • Length: 9:24
Show
View Real Time Build Order
Export as new Build Order

A.I. 1 (Very Easy) Protoss 

Build Orders:  

Get SALT Encoding   

  12  0:00  Probe  
  13  0:13  Probe  
  14  0:19  Pylon  
  14  0:36  Assimilator  
  14  0:42  Gateway  
  14  0:45  Pylon  
  14  1:15  Assimilator  
  14  1:17  Probe  
  14  1:25  Probe  
  15  1:32  Cybernetics Core  
  16  1:33  Probe  
  17  1:43  Probe  
  18  1:55  Probe  
  18  1:59  Warp Gate  
  19  2:03  Probe  
  20  2:10  Stalker  
  22  4:36  Probe  
  22  5:43  Zealot  
  22  5:45  Probe  
  22  5:46  Pylon  
  22  5:49  Robotics Facility  
  25  5:57  Probe  
  26  6:09  Probe  
  27  6:17  Probe  
  25  6:25  Probe  
  26  6:27  Pylon  
  27  6:34  Zealot  
  27  6:35  Probe  
  27  6:39  Observer  
  31  7:00  Observer  
  32  7:04  Nexus  
  32  7:25  Stalker  
  34  8:17  Probe  
  35  8:23  Probe  
  35  8:26  Assimilator  
  36  8:28  Assimilator  
  36  8:32  Probe  
  37  8:35  Probe  
  37  8:38  Stalker  
  35  8:47  Probe  
  24  8:59  Probe  
  23  9:03  Pylon  
Show
View Real Time Build Order
Export as new Build Order

ZloyEbun Protoss - Winner!

Build Orders: Blink Stalkers 

Get SALT Encoding   

  12  0:00  Probe  
  13  0:12  Probe  
  14  0:17  Pylon  
  14  0:24  Probe (Chrono Boost)  
  15  0:36  Probe (Chrono Boost)  
  15  0:38  Gateway  
  16  0:44  Probe (Chrono Boost)  
  16  0:46  Assimilator  
  17  0:51  Probe  
  17  0:56  Assimilator  
  18  1:03  Probe (Chrono Boost)  
  19  1:12  Probe (Chrono Boost)  
  19  1:13  Gateway  
  19  1:17  Probe (Chrono Boost)  
  21  1:29  Cybernetics Core  
  21  1:32  Probe  
  22  1:44  Probe, Pylon  
  23  2:02  Probe  
  23  2:07  Stalker  
  23  2:08  Sentry, Warp Gate  
  28  2:17  Probe, Pylon  
  29  2:40  Nexus  
  29  2:43  Probe  
  30  2:51  Stalker  
  30  2:53  Sentry  
  30  2:57  Probe  
  35  3:06  Shield Battery  
  35  3:10  Probe  
  36  3:15  Twilight Council  
  36  3:22  Probe  
  36  3:24  Pylon  
  37  3:34  Probe  
  37  3:36  Forge  
  38  3:47  Probe (Chrono Boost)  
  39  3:53  Blink (Chrono Boost), Probe (Chrono Boost)  
  40  3:59  Protoss Ground Weapons Level 1, Probe (Chrono Boost)  
  42  4:03  Probe (Chrono Boost)  
  42  4:04  Probe (Chrono Boost)  
  42  4:08  Probe (Chrono Boost)  
  43  4:13  Probe  
  43  4:16  Stalker  
  47  4:20  Probe  
  48  4:25  Probe  
  48  4:28  Robotics Facility  
  49  4:32  Probe  
  49  4:34  Stalker  
  52  4:39  Stalker  
  52  4:41  Probe  
  55  4:55  Nexus  
  55  5:00  Gateway, Pylon  
  55  5:03  Gateway  
  55  5:05  Probe  
  55  5:06  Probe  
  57  5:11  Gateway  
  57  5:19  Shield Battery, Observer  
  58  5:25  Probe, Assimilator  
  58  5:26  Probe  
  60  5:29  Charge (Chrono Boost)  
  60  5:30  Pylon  
  60  5:33  Shield Battery  
  60  5:37  Probe  
  60  5:38  Probe  
  60  5:39  Pylon  
  62  5:43  Gateway  
  62  5:45  Gateway  
  62  5:51  Probe  
  62  5:52  Probe  
  64  6:01  Photon Cannon  
  64  6:03  Probe  
  64  6:04  Probe, Photon Cannon  
  66  6:07  Stalker  
  68  6:12  Probe, Protoss Ground Weapons Level 2 (Chrono Boost)  
  68  6:13  Photon Cannon  
  68  6:16  Probe  
  68  6:17  Probe  
  71  6:25  Pylon  
  71  6:28  Probe  
  71  6:31  Probe x2  
  74  6:36  Pylon, Zealot  
  74  6:37  Sentry  
  78  6:40  Probe  
  78  6:43  Stalker x2  
  83  6:57  Zealot x4  
  91  7:02  Warp Prism  
  91  7:05  Gateway  
  93  7:11  Stalker x3  
  99  7:15  Pylon  
  99  7:18  Pylon  
  99  7:20  Zealot x2  
  103  7:27  Zealot x2  
  107  7:30  Pylon  
  107  7:35  Pylon  
  107  7:36  Probe  
  108  7:37  Zealot x3  
  114  7:56  Stalker x4  
  114  7:57  Stalker x3  
  128  8:06  Zealot  
  130  8:17  Pylon  
  130  8:18  Pylon  
  130  8:20  Zealot  
  130  8:21  Zealot  
  130  8:22  Stalker x5  
  144  8:43  Pylon  
  144  8:45  Pylon  
  144  8:46  Stalker x5  
  154  9:11  Zealot x7  
  154  9:12  Zealot  
  154  9:15  Assimilator  
Tags
 
Add a new tag
Caveats
  • Supply blocks, unpowered buildings, or Contaminate may cause inaccurate times.
  • Supply counts are checked every 10 seconds.